 Dungeon Crawl Stone Soup version 0.19.0-2-gae57169 (webtiles) character file.

127581 MDvedh the Cruncher (level 17, -6/93 HPs)
             Began as a Vine Stalker Gladiator on Nov 6, 2016.
             Was a Follower of Uskayaw.
             Mangled by a tarantella (13 damage)
             ... on level 2 of the Spider Nest.
             The game lasted 00:45:55 (19085 turns).

MDvedh the Cruncher (Vine Stalker Gladiator)       Turns: 19085, Time: 00:45:56

Health: -6/93      AC: -3    Str: 27    XL:     17   Next: 1%
Magic:  0/27       EV: 18    Int:  5    God:    Uskayaw [*.....]
Gold:   2078       SH:  3    Dex: 15    Spells: 0 memorised, 16 levels left

rFire  + . .     SeeInvis .     y - +3 lajatang of Exquisite Death {flame, rPois rN+ Str+4 Int-3}
rCold  + . .     Gourm    .     g - +0 plate armour
rNeg   + . .     Faith    .     (shield currently unavailable)
rPois  +         Spirit   +     u - +1 hat {MR+}
rElec  +         Reflect  +     T - +1 cloak of Starlight {rElec rC+ EV+4 Stlth--}
rCorr  .         Harm     .     W - +2 pair of gloves
MR     ++++.                    t - +1 pair of boots
Stlth  ..........               K - +3 amulet of reflection
                                c - ring of protection from fire
                                F - ring of protection from magic

@: corroded
A: fangs 3, talons 1, regeneration 3, weak 1, magic shield, antimagic bite, no
device heal 3, rot immunity
a: Stomp, Renounce Religion


You were on level 2 of the Spider Nest.
You worshipped Uskayaw.
Uskayaw was pleased with you.
You were not hungry.

You visited 5 branches of the dungeon, and saw 27 of its levels.
You also visited: Labyrinth.

You collected 2745 gold pieces.
You spent 667 gold pieces at shops.

Inventory:

Hand Weapons
 y - the +3 lajatang of Exquisite Death (weapon) {flame, rPois rN+ Str+4 Int-3}
   (You acquired it on level 7 of the Dungeon)

   It has been specially enchanted to burn those struck by it, causing extra
   injury to most foes and up to half again as much damage against particularly
   susceptible opponents.
   Big, fiery blades are also staple armaments of hydra-hunters.
   It affects your strength (+4).
   It affects your intelligence (-3).
   It protects you from poison.
   It protects you from negative energy.
 U - a +1 lajatang of venom
Missiles
 Q - 2 throwing nets (quivered)
Armour
 a - the +2 pair of boots of Ahip {rC+++ rCorr MP-9 Str-5}
   (You acquired it on level 7 of the Dungeon)

   It affects your strength (-5).
   It renders you almost immune to cold.
   It affects your magic capacity (-9).
   It protects you from acid and corrosion.
 g - a +0 plate armour (worn)
 t - a +1 pair of boots (worn)
 u - a +1 hat of magic resistance (worn)
 T - the +1 cloak of Starlight (worn) {rElec rC+ EV+4 Stlth--}
   (You bought it in a shop on level 2 of the Orcish Mines)

   It affects your evasion (+4).
   It protects you from cold.
   It insulates you from electricity.
   It makes you much less stealthy.
 W - a +2 pair of gloves (worn)
Jewellery
 c - a ring of protection from fire (right hand)
 n - an uncursed ring of magical power
 o - an uncursed ring of flight
 F - a ring of protection from magic (left hand)
 K - a +3 amulet of reflection (around neck)
 R - an uncursed ring of resist corrosion
Wands
 x - a wand of lightning (6/15)
 G - a wand of lightning (12/15)
 J - a wand of flame (20/48)
 M - a wand of digging (15/24)
Scrolls
 i - 12 scrolls of remove curse
 l - 3 scrolls of magic mapping
 m - 4 scrolls of fear
 q - 6 scrolls of identify
 r - 2 scrolls of fog
 w - 7 scrolls of recharging
 C - 2 scrolls of amnesia
 D - a scroll of blinking
 I - 7 scrolls of teleportation
 N - a scroll of summoning
 P - 2 scrolls of enchant armour
 S - a scroll of enchant weapon
Potions
 b - 4 potions of flight
 d - a potion of berserk rage
 e - 10 potions of curing
 h - 2 potions of resistance
 k - 5 potions of might
 p - 5 potions of invisibility
 z - 3 potions of haste
 B - 2 potions of mutation
 E - 3 potions of agility
 H - 2 potions of magic
 L - a potion of brilliance
Comestibles
 f - 6 bread rations
 j - 2 royal jellies
 s - 2 slices of pizza
 v - 5 beef jerkies
 A - 21 fruits
 O - 4 meat rations
 V - a chunk of flesh


   Skills:
 + Level 12.2 Fighting
 - Level 14.0 Staves
 - Level 1.7 Throwing
 + Level 11.0 Armour
 + Level 11.5 Dodging
 + Level 13.0 Invocations


You had 16 spell levels left.
You didn't know any spells.

Dungeon Overview and Level Annotations

Branches:
Dungeon (15/15)            Temple (1/1) D:6            Lair (6/6) D:11
 Shoals (0/4) Lair:2       Spider (3/4) Lair:2        Slime (0/5) Lair:6
    Orc (2/2) D:10            Elf (0/3) Orc:2        Vaults (0/5) D:13
 Depths (0/5) D:15

Altars:
Ashenzari
Cheibriados
Dithmenos
Elyvilon
Fedhas
Gozag
Hepliaklqana
Makhleb
Nemelex Xobeh
Okawaru
Ru
Sif Muna
Trog
Uskayaw
Vehumet
Xom
Yredelemnul
Zin
The Shining One
Beogh

Shops:
D:4 [   D:8 [   Orc:2 *(:[

Annotations:
D:6 dobroeutro's ghost, novice TrMo
Orc:2 Nessos


Innate Abilities, Weirdness & Mutations

You have razor-sharp teeth.
You regenerate.
When hurt, damage is shared between your health and your magic reserves.
Your bite disrupts and absorbs the magic of your enemies.
Potions and wands cannot restore your health.
You are immune to rotting.
You have sharp toenails.
You are weak. (Str -2)


Message History

Unknown command.
* * * LOW HITPOINT WARNING * * *
You feel very sick. The redback bites you!
* * * LOW HITPOINT WARNING * * *
There is a stone staircase leading up, spattered with blood here.
Unknown command.
Unknown command.
* * * LOW HITPOINT WARNING * * *
You feel very sick.
The orb spider spins a strand of pure energy.
The tarantella completely misses you. The redback completely misses you.
The redback barely misses you.
The jumping spider leaps!
You climb upwards.
* * * LOW HITPOINT WARNING * * *
You feel very sick.
There is a stone staircase leading down here.
Unknown command.
Your system rejects the healing.
You feel better. The tarantella bites you!
You die...

.........≈#≈≈≈....#....#.^.≈≈≈≈.#
###.....#≈#≈.#...##......####≈≈##
#......≈≈##(.#####...#....≈≈≈≈..
#####..##≈..##...#...#....#≈≈≈#.
##^#.#)...#..^#.)...##....≈≈≈≈≈#.
#.#......##..........#..#≈≈≈≈##.#
..!#..##.....##.###...######≈#...
...#............ss##.(.# ###.}#
...#....###.....@..#..## ###.
#....##....###..s..#### #.
......#......#.#.#..## ##
......#...†<##.......#
#..#.#....†>.^..###.##
...#......†.##....###
^###.....#..#......#
###......##.......##
..#..#.#...#..##..#


You could see a tarantella and 2 redbacks.

Vanquished Creatures
  Gastronok (D:8)
  Kirke (Lair:4)
  A ghost moth (Spider:2)
  A spark wasp (Spider:3)
  A minotaur (Lab)
  Harold (Orc:1)
  The ghost of Zebulonius the Severer, a journeyman MiBe of Trog (Orc:2)
  3 vault guards (D:13)
  Fannar (Orc:1)
  8 hydras
  A death knight (D:15)
  7 centaur warriors
  3 death yaks (Lair:5)
  2 tengu warriors (D:15)
  Urug (Lair:2)
  Pikel (D:7)
  5 unseen horrors
  3 wizards (D:13)
  A phantasmal warrior (D:15)
  A necromancer (D:15)
  A wolf spider zombie (D:15)
  3 hill giants
  An orc sorcerer (D:15)
  10 orb spiders
  6 deep elf magi
  9 wolf spiders
  23 ugly things
  4 cyclopes
  3 manticores
  4 centaur zombies
  A naga mage (D:15)
  Maurice (D:8)
  3 black mambas
  The ghost of azzavlup the Skirmisher, a novice MfSk (D:4)
  A torpor snail (Spider:3)
  3 gargoyles
  14 spiny frogs
  3 rime drakes
  An efreet (D:14)
  10 demonic crawlers
  2 freezing wraiths (D:15)
  8 komodo dragons
  2 tengu conjurers (D:15)
  5 trolls
  3 polar bears (Lair:6)
  3 two-headed ogres
  23 jumping spiders
  Prince Ribbit (D:9)
  14 slime creatures
  7 hornets
  17 dream sheep
  A meliai zombie (D:10)
  17 blink frogs
  6 hippogriffs
  34 redbacks
  Sigmund (D:2)
  14 spriggans (Lair:6)
  17 humans (D:13)
  2 wyverns
  52 yaks
  A human (shapeshifter) (D:15)
  Grum (D:8)
  13 tarantellas
  5 hungry ghosts
  3 basilisks
  A steam dragon (D:11)
  A redback simulacrum (D:15)
  A warg (Orc:1)
  6 mottled dragons
  17 water moccasins
  11 porcupines
  2 sky beasts
  2 ice beasts
  36 orc warriors
  4 phantoms
  11 ogres
  4 black bears (Lair:6)
  16 centaurs
  2 eyes of draining
  3 boggarts (Lair:6)
  29 wolves
  12 crocodiles
  3 big kobolds
  13 bullfrogs
  A wyvern skeleton (D:14)
  6 scorpions
  13 killer bees
  A wight (D:6)
  3 howler monkeys (D:12)
  3 electric eels
  6 crimson imps
  7 hounds
  4 jellies
  13 orc priests
  A bullfrog skeleton (D:12)
  8 centaur skeletons
  6 iguanas
  Ijyb (D:2)
  12 orc wizards
  11 worker ants
  A killer bee zombie (D:5)
  A howler monkey zombie (D:10)
  2 worker ant zombies
  10 adders
  11 gnolls
  3 river rats (D:11)
  3 shadow imps
  2 oozes
  3 worms
  3 dart slugs
  5 leopard geckos
  52 orcs
  2 bats
  4 giant cockroaches
  8 goblins
  7 hobgoblins
  17 jackals
  23 kobolds
  7 quokkas
  6 frilled lizards
  A quokka skeleton (D:6)
  12 rats
  A fungus (Lair:6)
852 creatures vanquished.

Vanquished Creatures (others)
  An orb spider (Spider:1)
  A wolf spider (Spider:1)
  A human (Lair:4)
  A centaur (D:7)
  A bullfrog (Lair:4)
  3 orcs
  5 fungi
13 creatures vanquished.

Grand Total: 865 creatures vanquished

Notes
Turn   | Place    | Note
-------+----------+-------------------------------------------
     0 | D:1      | MDvedh the Vine Stalker Gladiator began the quest for the Orb.
     0 | D:1      | Reached XP level 1. HP: 11/11 MP: 2/2
    68 | D:1      | Reached skill level 3 in Staves
   165 | D:1      | Reached XP level 2. HP: 15/15 MP: 3/3
   449 | D:1      | Reached XP level 3. HP: 18/18 MP: 4/4
   773 | D:2      | Reached skill level 4 in Staves
   874 | D:2      | Gained mutation: Your natural rate of healing is unusually fast. [Vine Stalker growth]
   874 | D:2      | Reached XP level 4. HP: 19/23 MP: 5/5
   880 | D:2      | Noticed Ijyb
   894 | D:2      | Killed Ijyb
   938 | D:2      | Noticed Sigmund
   955 | D:2      | Killed Sigmund
   955 | D:2      | Reached skill level 6 in Staves
   955 | D:2      | Reached XP level 5. HP: 18/26 MP: 6/6
   955 | D:2      | Reached XP level 6. HP: 21/30 MP: 7/7
  1169 | D:2      | Found a bloodstained altar of Trog.
  1954 | D:4      | Noticed azzavlup's ghost (novice MfSk)
  2037 | D:4      | Killed azzavlup's ghost
  2037 | D:4      | Reached skill level 8 in Staves
  2037 | D:4      | Reached XP level 7. HP: 33/34 MP: 6/8
  2047 | D:4      | Found Bumeneniy's Armour Shop.
  2149 | D:4      | Gained mutation: You have razor-sharp teeth. [Vine Stalker growth]
  2149 | D:4      | Reached XP level 8. HP: 26/38 MP: 9/9
  2485 | D:5      | Entered Level 5 of the Dungeon
  2498 | D:5      | Reached skill level 9 in Staves
  2775 | D:5      | Found a bloodstained altar of Trog.
  2816 | D:5      | Found a white marble altar of Elyvilon.
  3202 | D:6      | Reached skill level 10 in Staves
  3279 | D:6      | Found a staircase to the Ecumenical Temple.
  3334 | Temple   | Entered the Ecumenical Temple
  3438 | Temple   | Became a worshipper of Uskayaw the Reveler
  3493 | D:6      | Reached * piety under Uskayaw
  3496 | D:6      | Reached ** piety under Uskayaw
  3704 | D:6      | Reached XP level 9. HP: 38/42 MP: 10/10
  3729 | D:6      | Reached *** piety under Uskayaw
  3732 | D:6      | Reached **** piety under Uskayaw
  3755 | D:6      | Gained mutation: You heal very quickly. [mutagenic meat]
  3756 | D:6      | Gained mutation: You are weak. (Str -2) [mutagenic meat]
  3833 | D:6      | Reached skill level 11 in Staves
  4204 | D:6      | Noticed dobroeutro's ghost (novice TrMo)
  4530 | D:7      | Noticed Pikel
  4547 | D:7      | Killed Pikel
  4547 | D:7      | Reached skill level 12 in Staves
  4742 | D:7      | Identified 3 scrolls of acquirement
  4743 | D:7      | Got a shimmering lajatang
  4744 | D:7      | Identified the +3 lajatang of Exquisite Death {flame, rPois rN+ Str+4 Int-3} (You acquired it on level 7 of the Dungeon)
  4747 | D:7      | Got a pair of slimy boots
  4758 | D:7      | Identified the +2 pair of boots of Ahip {rC+++ rCorr MP-9 Str-5} (You acquired it on level 7 of the Dungeon)
  4873 | D:8      | Found Cyichetz's Antique Armour Boutique.
  4880 | D:8      | Noticed a two-headed ogre
  4882 | D:8      | Killed a two-headed ogre
  4882 | D:8      | Reached XP level 10. HP: 46/46 MP: 11/11
  5065 | D:8      | Noticed Grum
  5065 | D:8      | Noticed Gastronok
  5065 | D:8      | Reached ***** piety under Uskayaw
  5079 | D:8      | Reached skill level 13 in Staves
  5089 | D:8      | Killed Grum
  5104 | D:8      | Killed Gastronok
  5104 | D:8      | Reached skill level 14 in Staves
  5250 | D:8      | Noticed Maurice
  5282 | D:8      | Killed Maurice
  5282 | D:8      | Reached skill level 1 in Invocations
  5395 | D:8      | Reached skill level 1 in Armour
  5741 | D:8      | Found a deep blue altar of Sif Muna.
  5775 | D:9      | Noticed Prince Ribbit
  5776 | D:9      | Killed Prince Ribbit
  5895 | D:9      | Reached XP level 11. HP: 44/51 MP: 11/13
  6014 | D:9      | Found a sacrificial altar of Ru.
  6026 | D:9      | Found an iron altar of Okawaru.
  6202 | D:9      | Found a burning altar of Makhleb.
  6204 | D:9      | Noticed a cacodemon
  6359 | D:10     | Entered Level 10 of the Dungeon
  6967 | D:10     | Found a staircase to the Orcish Mines.
  7013 | D:11     | Found a staircase to the Lair.
  7075 | D:11     | Noticed a manticore
  7086 | D:11     | Killed a manticore
  7197 | D:11     | Noticed a cyan ugly thing
  7238 | D:11     | Killed a cyan ugly thing
  7271 | D:11     | Noticed a cyclops
  7274 | D:11     | Reached ****** piety under Uskayaw
  7282 | D:11     | Killed a cyclops
  7282 | D:11     | Reached skill level 5 in Fighting
  7282 | D:11     | Reached skill level 5 in Dodging
  7426 | D:11     | Reached skill level 5 in Invocations
  7546 | Lair:1   | Entered Level 1 of the Lair of Beasts
  7551 | Lair:1   | Gained mutation: You regenerate. [Vine Stalker growth]
  7551 | Lair:1   | Reached XP level 12. HP: 60/60 MP: 16/16
  7771 | Lair:1   | Reached skill level 5 in Armour
  7959 | Lair:1   | Noticed an eight-headed hydra
  7965 | Lair:1   | Killed a four-headed hydra
  8488 | Lair:2   | Found a hole to the Spider Nest.
  8494 | Lair:2   | Noticed Urug
  8516 | Lair:2   | Killed Urug
  8624 | Lair:2   | Found a staircase to the Shoals.
  9243 | Lair:3   | Found a labyrinth entrance.
  9254 | Lab      | Entered a labyrinth
  9376 | Lab      | Reached XP level 13. HP: 64/66 MP: 19/19
  9529 | Lab      | Noticed a minotaur
  9551 | Lab      | Killed a minotaur
 10601 | Lair:4   | Noticed Kirke
 10623 | Lair:4   | Killed Kirke
 11755 | Lair:6   | Entered Level 6 of the Lair of Beasts
 11924 | Lair:6   | Reached XP level 14. HP: 71/74 MP: 21/21
 12460 | Lair:6   | Reached skill level 10 in Invocations
 12844 | Lair:6   | Found a staircase to the Slime Pits.
 13042 | Orc:1    | Entered Level 1 of the Orcish Mines
 13042 | Orc:1    | Noticed Harold
 13057 | Orc:1    | Killed Harold
 13136 | Orc:2    | Entered Level 2 of the Orcish Mines
 13212 | Orc:2    | Noticed Nessos
 13226 | Orc:2    | Noticed Zebulonius's ghost (journeyman MiBe)
 13248 | Orc:2    | Killed Zebulonius's ghost
 13323 | Orc:2    | Found a staircase to the Elven Halls.
 13464 | Orc:2    | Found Xepolyuf's Book Emporium.
 13464 | Orc:2    | Found Xamiolom's Weapon Boutique.
 13466 | Orc:2    | Found Naroomn's Assorted Antiques.
 13468 | Orc:2    | Found Vaha's Armour Shoppe.
 13484 | Orc:2    | Bought the +1 cloak of Starlight {rElec rC+ EV+4 Stlth--} for 667 gold pieces
 13907 | Orc:1    | Noticed Fannar
 13949 | Orc:1    | Killed Fannar
 14242 | Orc:1    | Found a roughly hewn altar of Beogh.
 14892 | D:12     | Reached skill level 10 in Fighting
 14892 | D:12     | Reached XP level 15. HP: 80/80 MP: 24/24
 15517 | D:13     | Found a gate to the Vaults.
 15540 | D:13     | Reached skill level 10 in Dodging
 16385 | D:15     | Entered Level 15 of the Dungeon
 16464 | D:15     | Reached skill level 10 in Armour
 16532 | D:15     | Reached XP level 16. HP: 70/87 MP: 25/25
 16858 | D:15     | Found a staircase to the Depths.
 17365 | Spider:1 | Entered Level 1 of the Spider Nest
 18964 | Spider:3 | Gained mutation: You have sharp toenails. [potion of beneficial mutation]
 19041 | Spider:3 | Reached XP level 17. HP: 93/93 MP: 27/27
 19085 | Spider:2 | Mangled by a tarantella

Skill      XL: |  1  2  3  4  5  6  7  8  9 10 11 12 13 14 15 16 |
---------------+-------------------------------------------------+-----
Staves         | 3 4 6 8 10 12 14 | 14.0
Fighting       | 2 5 6 8 10 11 12 | 12.2
Invocations    | 2 5 7 9 10 11 13 | 13.0
Armour         | 1 4 6 7 8 10 11 | 11.0
Dodging        | 3 5 6 8 9 10 11 | 11.5
Throwing       | |  1.7

Action                   |  1- 3 |  4- 6 |  7- 9 | 10-12 | 13-15 | 16-18 || total
-------------------------+-------+-------+-------+-------+-------+-------++-------
Melee: Quarterstaff      |    90 |   153 |   262 |       |       |       ||   505
       Bite              |    15 |    39 |    82 |   152 |   377 |   158 ||   823
       Lajatang          |       |       |     8 |   473 |  1016 |   424 ||  1921
Throw: Throwing net      |       |       |       |       |       |    10 ||    10
Invok: Grand Finale      |       |       |       |       |       |     2 ||     2
  Use: Potion            |       |     1 |       |       |       |     2 ||     3
       Scroll            |       |       |    16 |     5 |    12 |     5 ||    38
 Stab: Paralysed         |       |       |     7 |    20 |    90 |    29 ||   146
       Held in net/web   |       |       |       |       |       |     2 ||     2
  Eat: Chunk             |       |     4 |     6 |     3 |     7 |     2 ||    22
       Bread ration      |       |       |     1 |     2 |     4 |     2 ||     9
       Meat ration       |       |       |       |     2 |       |       ||     2
       Pizza             |       |       |       |     1 |     1 |       ||     2
Armor: Plate armour      |    64 |    98 |   120 |   257 |   500 |   360 ||  1399
       Leather armour    |     2 |       |       |       |       |       ||     2
Dodge: Dodged            |    27 |    29 |    52 |   156 |   643 |   538 ||  1445
Block: Other             |       |       |       |     7 |   115 |    74 ||   196
       Reflection        |       |       |       |       |    10 |     3 ||    13
